 Dungeon Crawl Stone Soup version 0.27-a0-1217-g8a41f320e8 (webtiles) character file.

Game seed: 15624941103226725811

356 funkygono the Stinger (level 6, -4/41 HPs)
             Began as a Formicid Venom Mage on June 5, 2021.
             Killed by divine providence
             ... invoked by an orc priest
              (14 damage)
             ... on level 4 of the Dungeon.
             The game lasted 00:10:45 (5105 turns).

funkygono the Stinger (Formicid Venom Mage)         Turns: 5105, Time: 00:10:45

Health: -4/41      AC:  6    Str: 13    XL:     6   Next: 96%
Magic:  10/12      EV: 12    Int: 16    God:
Gold:   184        SH:  0    Dex: 11    Spells: 3/13 levels left

rFire    . . .     SeeInvis +   p - +0 mace
rCold    . . .     Faith    .   (no shield)
rNeg     . . .     Spirit   .   a - +0 robe
rPois    .         Reflect  .   (helmet unavailable)
rElec    .         Harm     .   n - +0 cloak
rCorr    .         Rampage  .   d - +2 pair of gloves {archery}
Will     +....                  (no boots)
Stlth    ++........             (no amulet)
HPRegen  0.13/turn              c - ring of willpower
MPRegen  0.13/turn              m - ring of wizardry

@: no status effects
A: permanent stasis, dig shafts and tunnels, antennae 3, four strong arms
a: Dig, Shaft Self


You were on level 4 of the Dungeon.
You visited 1 branch of the dungeon, and saw 4 of its levels.

You collected 184 gold pieces.

Inventory:

Hand Weapons
 e - a +0 dagger
 i - a +0 flail
 k - a +0 club
 p - a +0 mace (weapon)
Missiles
 h - 88 stones
 q - 3 curare-tipped darts
Armour
 a - a +0 robe (worn)
 d - a +2 pair of gloves of archery (worn)
 g - a +0 leather armour
 n - a +0 cloak (worn)
Magical Staves
 o - a staff of cold
Jewellery
 c - a ring of willpower (left hand)
 l - an amulet of faith
 m - a ring of wizardry (right hand)
Wands
 r - a wand of flame (15)
Potions
 b - a potion of might {unknown}
 f - a potion of flight {unknown}
 j - 4 potions of curing {unknown}


   Skills:
 + Level 0.1 Fighting
 + Level 0.3 Maces & Flails
 + Level 1.8 Dodging
 + Level 2.6 Stealth
 * Level 4.4 Spellcasting
 + Level 3.1 Transmutations
 * Level 1.5 Fire Magic
 + Level 1.1 Air Magic
 * Level 5.9 Poison Magic


You had 3 spell levels left.
You knew the following spells:

 Your Spells              Type           Power      Damage    Failure   Level
a - Sting                 Tmut/Pois      72%        1d6       1%          1
b - Poisonous Vapours     Pois/Air       28%        N/A       2%          2
c - Ignite Poison         Fire/Tmut/Pois 14%        N/A       4%          3
d - Olgreb's Toxic Radia  Pois           22%        N/A       6%          4

Your spell library contained the following spells:

 Spells                   Type           Power      Damage    Failure   Level
 Mephitic Cloud           Conj/Pois/Air  11%        N/A       8%          3


Dungeon Overview and Level Annotations

Branches:
Dungeon (4/15)
 Temple: D:4-7

Altars:
Kikubaaqudgha


Innate Abilities, Weirdness & Mutations

You cannot be hasted, slowed, berserked, paralysed or teleported.
You can dig through walls and to a lower floor.
You have a pair of large antennae on your head. (SInv)
Your four strong arms can wield two-handed weapons with a shield.


Message History

Aim: an orc wizard, wielding a +0 dagger and wearing a +0 robe (moderately wounded, slightly transparent, poisoned, 67% to hit)
The sting hits the orc wizard but does no damage.
The orc wizard looks even sicker.
The orc wizard is moderately wounded.
The orc wizard gestures at you while chanting.
The magic dart hits you. The orc wizard casts a spell at you.
The magic dart hits you.
The orc wizard points at you and mumbles some strange words.
The magic dart hits you.
Casting: Sting (safe; 1% risk of failure)
Confirm with . or Enter, or press ? or * to list all spells.
You can't see any susceptible monsters within range! (Use Z to cast anyway.) Unknown command.
Casting: Sting (safe; 1% risk of failure)
Confirm with . or Enter, or press ? or * to list all spells.
Aiming: Poisonous Vapours (safe; 2% risk of failure)
Press: ? - help, Dir - move target, f/p - orc wizard
Aim: an orc wizard, wielding a +0 dagger and wearing a +0 robe (severely wounded, slightly transparent) Poisonous vapours surround the orc wizard!
The orc wizard is engulfed in poison gas.
The orc wizard is poisoned.
You kill the orc wizard!
Casting: Poisonous Vapours (safe; 2% risk of failure)
Confirm with . or Enter, or press ? or * to list all spells.
Aiming: Poisonous Vapours (safe; 2% risk of failure)
Press: ? - help, Dir - move target, f - orc priest
Aim: an orc priest, wielding a +0 hand axe Poisonous vapours surround the orc priest!
The orc priest is engulfed in poison gas.
The orc priest is poisoned.
Unknown command.
The orc priest calls down the wrath of Beogh upon you.
Beogh smites you!
* * * LOW HITPOINT WARNING * * *
The orc priest invokes the aid of Beogh against you.
You resist with some effort.
The orc priest invokes the aid of Beogh against you.
Beogh smites you!
You die...

####.##....#...#..####.#########.
#.##..#####.o..# #.
#.###...#...#.## #. #.#
###.#.###.# #. #.#####...# #.#
###. #.....†..## #.# ## #...
########## #.# ....###.## #.#
#.....# #@#############.##
#..........####...
##########........ ########. ##


You could see an orc priest.

Vanquished Creatures
  An ogre (D:4)
  A scorpion (D:4)
  A bullfrog skeleton (D:4)
  An orc wizard (D:4)
  6 adders
  An adder skeleton (D:4)
  2 dart slugs
  2 worms
  5 orcs
  9 ball pythons
  7 endoplasms
  3 giant cockroaches
  7 goblins
  10 hobgoblins
  7 jackals
  6 quokkas
  2 bats
  3 frilled lizards (D:1)
  5 kobolds
  10 rats
89 creatures vanquished.

Notes
Turn   | Place    | Note
-------+----------+-------------------------------------------
     0 | D:1      | funkygono the Formicid Venom Mage began the quest for the
                  | Orb.
     0 | D:1      | Reached XP level 1. HP: 13/13 MP: 3/3
     6 | D:1      | Noticed a black mamba
     6 | D:1      | Noticed a wolf
     6 | D:1      | Noticed a swamp drake
     6 | D:1      | Noticed a polar bear
   263 | D:1      | Reached XP level 2. HP: 19/19 MP: 3/5
   662 | D:1      | Reached XP level 3. HP: 10/24 MP: 0/7
   860 | D:1      | Learned a level 2 spell: Poisonous Vapours
   864 | D:1      | Learned a level 3 spell: Ignite Poison
  1278 | D:1      | Found a faded altar of an unknown god.
  1751 | D:1      | Identified a scroll of acquirement
  1751 | D:1      | Acquired a +2 pair of gloves of archery
  1958 | D:2      | Reached XP level 4. HP: 24/30 MP: 2/8
  2596 | D:2      | Found an ancient bone altar of Kikubaaqudgha.
  2781 | D:2      | Reached skill level 5 in Poison Magic
  3073 | D:3      | Reached XP level 5. HP: 26/35 MP: 5/10
  3215 | D:3      | Learned a level 4 spell: Olgreb's Toxic Radiance
  3716 | D:3      | Reached skill level 1 in Fire Magic
  4049 | D:4      | Noticed an ogre
  4074 | D:4      | Killed an ogre
  4075 | D:4      | Reached XP level 6. HP: 13/41 MP: 6/11
  4906 | D:4      | Reached skill level 1 in Air Magic
  5064 | D:4      | Noticed an orc warrior
  5105 | D:4      | Killed from afar by an orc priest

Illustrated notes

Levels and vault maps discovered:
D:1:      onia_arrival_zoo_common, layout_basic,
          hellmonk_ecumenical_altar_leap_of_faith, minmay_nonomino_d4
D:2:      layout_loops_cross, basic_altar, serial_glass, glass_columns_a,
          glass_columns_a
D:3:      layout_loops_ring
D:4:      layout_loops_ring

Skill      XL: |  1  2  3  4  5  6 |
---------------+-------------------+-----
Spellcasting   | 3 4 |  4.4
Transmutations | 2 3 |  3.1
Poison Magic   | 5 |  5.9
Fire Magic     | 1 |  1.5
Air Magic      | 1 |  1.1
Fighting       | |  0.1
Maces & Flails | |  0.3
Dodging        | |  1.8
Stealth        | |  2.6

Action                   |  1- 3 |  4- 6 || total
-------------------------+-------+-------++-------
Melee: Club              |     1 |     3 ||     4
       Flail             |       |     7 ||     7
       Mace              |       |    13 ||    13
 Cast: Sting             |    64 |    95 ||   159
       Poisonous Vapours |     2 |     6 ||     8
  Use: Scroll            |     4 |     1 ||     5
Armor: Robe              |     7 |    12 ||    19
Dodge: Dodged            |    26 |    36 ||    62

Table legend: (Time is in decaauts)
 A = Elapsed time spent in this place.
 B = Non-inter-level travel time spent in this place.
 C = Inter-level travel time spent in this place.
 D = Time resting spent in this place.
 E = Time spent auto-exploring this place.
 F = Levels seen in this place.
 G = Mean time per level.
                   A        B        C        D        E       F      G
               +--------+--------+--------+--------+--------+-----+--------+
         Total |   5110 |   5022 |     88 |     43 |   4097 |   4 | 1277.5 |
       Dungeon |   5110 |   5022 |     88 |     43 |   4097 |   4 | 1277.5 |
               +--------+--------+--------+--------+--------+-----+--------+

Top non-repeatable levels by time:
     D:1: 1839 daAuts
     D:2: 1156 daAuts
     D:4: 1152 daAuts
     D:3: 962 daAuts
